 Dungeon Sprint DCSS version 0.27.1-1-g398f81649c (webtiles) character file.

Game seed: 23308264950760814

585 ugugthedestroyer the Cleaver (level 7, -13/59 HPs)
             Began as a Demonspawn Gladiator on Sept 7, 2021.
             Mangled by a human (16 damage)
             ... in the Dungeon (Sprint III: "The Ten Rune Challenge").
             The game lasted 00:02:02 (314 turns).

ugugthedestroyer the Cleaver (Demonspawn Gladiator)  Turns: 314, Time: 00:02:03

Health: -13/59     AC:  3    Str: 16    XL:     7   Next: 15%
Magic:  7/7        EV: 15    Int:  9    God:
Gold:   23         SH:  0    Dex: 15    Spells: 6/6 levels left

rFire    . . .     SeeInvis .   a - +0 war axe
rCold    . . .     Faith    .   (no shield)
rNeg     . . .     Spirit   .   b - +0 leather armour
rPois    .         Reflect  .   (helmet restricted)
rElec    .         Harm     .   (no cloak)
rCorr    .         Rampage  .   (no gloves)
Will     .....     NoTele   +   (no boots)
Stlth    +.........             (no amulet)
HPRegen  0.19/turn              (no ring)
MPRegen  0.10/turn              (no ring)

@: flying
A: claws 2, horns 1, talons 1, demonic magic 1
a: no special abilities


You were in the Dungeon.
You visited 1 branch You collected 23 gold pieces.

Inventory:

Hand Weapons
 a - a +0 war axe (weapon)
Missiles
 d - 3 throwing nets (quivered)
Armour
 b - a +0 leather armour (worn)
 c - a +0 helmet
Scrolls
 j - a scroll of blinking
 k - a scroll of holy word {unknown}
 l - 3 scrolls of identify
 n - a scroll of torment {unknown}
Potions
 e - 2 potions of curing
 f - 2 potions of mutation {unknown}
 h - 2 potions of magic
 m - 3 potions of flight


   Skills:
 + Level 6.6 Fighting
 + Level 10.3 Axes
 - Level 1.7 Throwing
 + Level 2.9 Armour
 + Level 8.1 Dodging


You had 6 spell levels left.
You didn't know any spells.
Your spell library contained the following spells:

 Spells                   Type           Power      Damage    Failure   Level
 Foxfire                  Conj/Fire      0%         2x1d4     43%         1
 Call Canine Familiar     Summ           0%         N/A       82%         3
 Conjure Flame            Conj/Fire      0%         6-21      82%         3
 Inner Flame              Hex/Fire       0%         N/A       82%         3
 Portal Projectile        Hex/Tloc       0%         N/A       82%         3
 Leda's Liquefaction      Hex/Erth       0%         N/A       99%         4


Dungeon Overview and Level Annotations

Branches:
Dungeon (1/1)

Altars:
Elyvilon
Kikubaaqudgha
Okawaru
Sif Muna
Trog
Uskayaw
Vehumet
Wu Jian
Zin
The Shining One
Beogh


Innate Abilities, Weirdness & Mutations

You have very sharp fingernails.
You have a pair of small horns on your head.
You have sharp toenails.
Spells you cast may paralyse adjacent enemies.


Message History

A human comes into view. It is wielding a +0 dagger.
The human shouts!
The human drinks a potion.
The human goes berserk!
You miss the human. You claw the human. Your headbutt misses the human.
The human is lightly wounded.
The human hits you!
You closely miss the human. Your headbutt misses the human.
The human is lightly wounded.
You feel very buoyant.
You fly up into the air.
The human rages.
The human closely misses you.
You feel much better. The human closely misses you.
The human hits you with a +0 dagger. The human misses you.
Your leather armour prevents you from hitting the human.
You headbutt the human.
The human is lightly wounded.
You slash the human! The human hits you with a +0 dagger!
You hit the human. You claw the human. You headbutt the human!
The human is heavily wounded.
You slash the human! The human hits you with a +0 dagger.
The human barely misses you. The human hits you with a +0 dagger.
Unknown command.
You slash the human!
The human is severely wounded.
You closely miss the human. The human hits you!
The human hits you with a +0 dagger!
* * * LOW HITPOINT WARNING * * *
You slash the human! Your kick misses the human.
Your headbutt misses the human.
The human is almost dead.
You barely miss the human. The human barely misses you. The human hits you.
* * * LOW HITPOINT WARNING * * *
The human misses you.
Unknown command.
Unknown command.
You closely miss the human. You claw the human.
You kill the human!
You barely miss the human. The human hits you with a +0 dagger!
You die...

▓▓ ▓▓▓ .####
##.#########
..).#####..#___#___
.....#..#..#.).#__
##...#..#..###'#p###+##
###..##'#..#...†@.....#
.##..###...'.⌠........#
##..####...#...######+#
##..###....#.⌠.#
#...##.....#...#
....#......#)###
..##.#.....#...#
..#####....#___# ▓▓▓
▓▓▓▓▓▓▓▓▓▓


You could see a human (berserk).

Vanquished Creatures
  A deep elf pyromancer (D)
  A water elemental (D)
  A wizard (D)
  Jessica (D)
  2 humans (D)
  A kobold demonologist (D)
  A phantom (D)
  An endoplasm (D)
  2 rats (D)
11 creatures vanquished.

Vanquished Creatures (others)
  2 plants (D)
2 creatures vanquished.

Grand Total: 13 creatures vanquished

Notes
Turn   | Place    | Note
-------+----------+-------------------------------------------
     0 | D        | ugugthedestroyer the Demonspawn Gladiator began the quest
                  | for the Orb.
     0 | D        | Reached XP level 1. HP: 16/16 MP: 1/1
    15 | D        | Reached skill level 3 in Axes
    33 | D        | Noticed Jessica
    41 | D        | Killed Jessica
    42 | D        | Reached skill level 4 in Axes
    42 | D        | Gained mutation: You have sharp toenails. [demonic
                  | ancestry]
    42 | D        | Reached XP level 2. HP: 8/23 MP: 2/2
    50 | D        | Reached XP level 3. HP: 11/28 MP: 3/3
    85 | D        | Reached skill level 5 in Axes
   126 | D        | Noticed a water elemental
   130 | D        | Killed a water elemental
   131 | D        | Reached skill level 6 in Axes
   131 | D        | Reached skill level 1 in Armour
   131 | D        | Reached skill level 5 in Dodging
   131 | D        | Gained mutation: You have sharp fingernails. [demonic
                  | ancestry]
   131 | D        | Reached XP level 4. HP: 37/37 MP: 4/4
   136 | D        | Noticed a deep elf pyromancer
   143 | D        | Killed a deep elf pyromancer
   144 | D        | Reached skill level 10 in Axes
   144 | D        | Gained mutation: Spells you cast may paralyse adjacent
                  | enemies. [demonic ancestry]
   144 | D        | Reached XP level 5. HP: 28/47 MP: 5/5
   144 | D        | Gained mutation: You have a pair of small horns on your
                  | head. [demonic ancestry]
   144 | D        | Reached XP level 6. HP: 31/53 MP: 6/6
   144 | D        | Gained mutation: You have very sharp fingernails. [demonic
                  | ancestry]
   144 | D        | Reached XP level 7. HP: 35/59 MP: 7/7
   160 | D        | Found a radiant altar of Vehumet.
   160 | D        | Found a shimmering blue altar of Sif Muna.
   160 | D        | Found an ancient bone altar of Kikubaaqudgha.
   303 | D        | Found a hide-covered altar of Uskayaw.
   303 | D        | Found an iron altar of Okawaru.
   303 | D        | Found a bloodstained altar of Trog.
   303 | D        | Found an ornate altar of the Wu Jian Council.
   303 | D        | Noticed a human
   304 | D        | Noticed a human
   314 | D        | Killed a human
   314 | D        | Mangled by a human

Illustrated notes

Levels and vault maps discovered:
D:        dungeon_sprint_mu [sprint_mu_entry_cave, sprint_mu_temple_rooms,
          sprint_mu_d1_spiders, sprint_mu_d2_genie, sprint_mu_d3_branching,
          sprint_mu_orc_legion, sprint_mu_elf_gauntlet, sprint_mu_hive_nellie,
          sprint_mu_lair_fedhas, sprint_mu_vaults_butterflies,
          sprint_mu_slime_circle, sprint_mu_swamp_cave, sprint_mu_snake_twists,
          sprint_mu_blade_basic, sprint_mu_crypt_lich, sprint_mu_tomb_spiral,
          sprint_mu_vestibule_basic, sprint_mu_gehenna_hellfire,
          sprint_mu_dis_giant, sprint_mu_tartarus_statrot,
          sprint_mu_cocytus_islands, sprint_mu_zot1]

Skill      XL: |  1  2  3  4 |
---------------+-------------+-----
Axes           | 4 6 10 | 10.3
Dodging        | 4 5 8 |  8.1
Fighting       | 3 6 |  6.6
Armour         | 1 2 |  2.9
Throwing       | |  1.7

Action                   |  1- 3 |  4- 6 |  7- 9 || total
-------------------------+-------+-------+-------++-------
Melee: War axe           |    24 |     7 |    17 ||    48
       Kick              |     5 |     3 |     6 ||    14
       Headbutt          |       |       |     4 ||     4
  Use: Potion            |     4 |       |     2 ||     6
Armor: Leather armour    |     3 |       |       ||     3
Dodge: Dodged            |    15 |     6 |     8 ||    29
